 Dungeon Crawl Stone Soup version 0.23-a0-417-gf02c810438 (webtiles) character file.

161 Napalmbreeze the Charmwright (level 5, -2/43 HPs)
             Began as a Gnoll Skald on Nov 11, 2018.
             Slain by an orc
             ... wielding a +0 falchion
              (6 damage)
             ... on level 3 of the Dungeon.
             The game lasted 00:04:24 (1933 turns).

Napalmbreeze the Charmwright (Gnoll Skald)          Turns: 1933, Time: 00:04:25

Health: -2/43      AC:  4    Str: 14    XL:     5   Next: 42%
Magic:  12/12      EV: 14    Int: 16    God:
Gold:   94         SH:  0    Dex: 14    Spells: 5/14 levels left

rFire    . . .     SeeInvis .   h - +0 dagger (venom)
rCold    . . .     Gourm    .   (no shield)
rNeg     . . .     Faith    .   b - +0 leather armour
rPois    .         Spirit   .   (no helmet)
rElec    .         Reflect  .   j - +0 cloak
rCorr    .         Harm     .   (no gloves)
MR       .....                  (no boots)
Stlth    ++........             (no amulet)
HPRegen  0.14/turn              (no ring)
MPRegen  0.13/turn              (no ring)

@: no status effects
A: distributed training, fangs 1, strong nose
a: no special abilities


You were on level 3 of the Dungeon.
You were not hungry.

You visited 1 branch of the dungeon, and saw 3 of its levels.

You collected 94 gold pieces.

Inventory:

Hand Weapons
 a - a +0 spear
 g - a +4 short sword
 h - a +0 dagger of venom (weapon)
Missiles
 l - 6 poisoned needles
 q - 8 curare-tipped needles
Armour
 b - a +0 leather armour (worn)
 j - a +0 cloak (worn)
Jewellery
 o - an uncursed ring of see invisible {unknown}
Scrolls
 c - 6 scrolls of identify {unknown}
 e - a scroll of amnesia {unknown}
 i - 4 scrolls of remove curse {unknown}
 k - a scroll of blinking {unknown}
 m - 2 scrolls of teleportation {unknown}
 n - 3 scrolls of enchant armour {unknown}
 p - a scroll of fear {unknown}
 s - a scroll of fog {unknown}
Potions
 f - a potion of flight {unknown}
 t - a potion of agility {unknown}
Comestibles
 d - 2 rations


   Skills:
 + Level 4.8 Fighting
 + Level 1.4 Short Blades
 + Level 1.4 Long Blades
 + Level 1.4 Axes
 + Level 1.4 Maces & Flails
 + Level 4.8 Polearms
 + Level 1.4 Staves
 + Level 1.4 Slings
 + Level 1.4 Bows
 + Level 1.4 Crossbows
 + Level 1.4 Throwing
 + Level 3.0 Armour
 + Level 4.8 Dodging
 + Level 1.4 Stealth
 + Level 1.4 Shields
 + Level 1.4 Unarmed Combat
 + Level 5.2 Spellcasting
 + Level 1.1 Conjurations
 + Level 1.1 Hexes
 + Level 5.5 Charms
 + Level 1.1 Summonings
 + Level 1.1 Necromancy
 + Level 1.1 Translocations
 + Level 1.1 Transmutations
 + Level 1.1 Fire Magic
 + Level 1.1 Ice Magic
 + Level 1.1 Air Magic
 + Level 1.1 Earth Magic
 + Level 1.1 Poison Magic
 + Level 1.6 Invocations
 + Level 1.4 Evocations


You had 5 spell levels left.
You knew the following spells:

 Your Spells              Type           Power        Failure   Level  Hunger
a - Infusion              Chrm           ###.         1%          1    None
d - Song of Slaying       Chrm           ###.....     2%          2    #......
e - Mephitic Cloud        Conj/Pois/Air  #.......     34%         3    ###....
s - Spectral Weapon       Hex/Chrm       ##......     14%         3    ###....

Your spell library contained the following spells:

 Spells                   Type           Power        Failure   Level  Hunger
 Shroud of Golubria       Chrm/Tloc      ##........   7%          2    #......
 Magic Dart               Conj           #...         12%         1    None
 Regeneration             Chrm/Necr      ##........   14%         3    ###....
 Blink                    Tloc           N/A          17%         2    #......
 Call Imp                 Summ           #.......     17%         2    #......
 Slow                     Hex            #.......     17%         2    #......
 Conjure Flame            Conj/Fire      #.......     34%         3    ###....


Dungeon Overview and Level Annotations

Branches:
Dungeon (3/15)

Altars:
Qazlal


Innate Abilities, Weirdness & Mutations

Your experience applies equally to all skills.
You have very sharp teeth.
Your uncanny sense of smell can sniff out nearby items.


Message History

You barely miss the orc. The orc closely misses you.
You hit the orc.
The orc is lightly wounded.
The orc closely misses you.
You closely miss the orc. Your bite misses the orc.
The orc is lightly wounded.
The orc hits you with a +0 falchion.
* * * LOW HITPOINT WARNING * * *
Unknown command.
You hit the orc.
The orc is heavily wounded.
The orc closely misses you.
Unknown command.
You barely miss the orc. You bite the orc.
The orc is heavily wounded.
Unknown command.
You barely miss the orc.
The orc is heavily wounded.
The orc hits you with a +0 falchion.
You die...

#.........)†....#
######.#####....#
#.#####.#.##
#.......#.#####.# ####
##..............# ..#
#.####.#.####..# #.# #.#
#.#.# ##)## #.# #o#.#
##<..## ##.####@#.#
#).)..###.........#
#..........####...#
#.....####.#####..### ∆
##...### #.##.......## ∆
##....###............
###...............#.##
#......######.##..#.###..
#.....#...........>.....#


You could see an orc.

Vanquished Creatures
  An orc wizard (D:3)
  A worker ant (D:2)
  4 adders
  2 worms
  4 dart slugs
  2 leopard geckos
  8 orcs
  2 giant cockroaches (D:1)
  5 goblins
  4 hobgoblins
  3 ball pythons (D:2)
  7 bats
  3 frilled lizards
  2 kobolds (D:2)
  6 rats
54 creatures vanquished.

Notes
Turn   | Place    | Note
-------+----------+-------------------------------------------
     0 | D:1      | Napalmbreeze the Gnoll Skald began the quest for the Orb.
     0 | D:1      | Reached XP level 1. HP: 20/20 MP: 6/6
   272 | D:1      | Reached XP level 2. HP: 26/26 MP: 7/7
   523 | D:1      | Reached XP level 3. HP: 30/31 MP: 9/9
   531 | D:1      | Learned a level 3 spell: Spectral Weapon
   596 | D:1      | Reached skill level 5 in Spellcasting
   600 | D:1      | Learned a level 2 spell: Song of Slaying
   916 | D:2      | Reached skill level 1 in Invocations
   984 | D:2      | HP: 1/31 [poisoned by a worker ant]
   988 | D:2      | Reached skill level 1 in Short Blades
   988 | D:2      | Reached skill level 1 in Long Blades
   988 | D:2      | Reached skill level 1 in Axes
   988 | D:2      | Reached skill level 1 in Maces & Flails
   988 | D:2      | Reached skill level 1 in Staves
   988 | D:2      | Reached skill level 1 in Slings
   988 | D:2      | Reached skill level 1 in Bows
   988 | D:2      | Reached skill level 1 in Crossbows
   988 | D:2      | Reached skill level 1 in Throwing
   988 | D:2      | Reached skill level 1 in Stealth
   988 | D:2      | Reached skill level 1 in Shields
   988 | D:2      | Reached skill level 1 in Unarmed Combat
   988 | D:2      | Reached skill level 1 in Evocations
   988 | D:2      | Reached XP level 4. HP: 8/38 MP: 11/11
  1446 | D:2      | Found a stormy altar of Qazlal.
  1508 | D:2      | Reached skill level 1 in Conjurations
  1508 | D:2      | Reached skill level 1 in Hexes
  1508 | D:2      | Reached skill level 1 in Summonings
  1508 | D:2      | Reached skill level 1 in Necromancy
  1508 | D:2      | Reached skill level 1 in Translocations
  1508 | D:2      | Reached skill level 1 in Transmutations
  1508 | D:2      | Reached skill level 1 in Fire Magic
  1508 | D:2      | Reached skill level 1 in Ice Magic
  1508 | D:2      | Reached skill level 1 in Air Magic
  1508 | D:2      | Reached skill level 1 in Earth Magic
  1508 | D:2      | Reached skill level 1 in Poison Magic
  1821 | D:3      | Learned a level 3 spell: Mephitic Cloud
  1842 | D:3      | Reached XP level 5. HP: 39/43 MP: 12/12
  1933 | D:3      | Slain by an orc

Vault maps used:
D:1:      dpeg_arrival_renting
D:2:      nicolae_qazlal_eye_of_the_storm
D:3:      minmay_door_path, uniq_jessica

Skill      XL: |  1  2  3  4  5 |
---------------+----------------+-----
Spellcasting   | 5 |  5.2
Invocations    | 1 |  1.6
Short Blades   | 1 |  1.4
Long Blades    | 1 |  1.4
Axes           | 1 |  1.4
Maces & Flails | 1 |  1.4
Staves         | 1 |  1.4
Slings         | 1 |  1.4
Bows           | 1 |  1.4
Crossbows      | 1 |  1.4
Throwing       | 1 |  1.4
Stealth        | 1 |  1.4
Shields        | 1 |  1.4
Unarmed Combat | 1 |  1.4
Evocations     | 1 |  1.4
Conjurations   | 1 |  1.1
Hexes          | 1 |  1.1
Summonings     | 1 |  1.1
Necromancy     | 1 |  1.1
Translocations | 1 |  1.1
Transmutations | 1 |  1.1
Fire Magic     | 1 |  1.1
Ice Magic      | 1 |  1.1
Air Magic      | 1 |  1.1
Earth Magic    | 1 |  1.1
Poison Magic   | 1 |  1.1
Armour         | 3 |  3.0
Fighting       | |  4.8
Polearms       | |  4.8
Dodging        | |  4.8
Charms         | |  5.5

Action                   |  1- 3 |  4- 6 || total
-------------------------+-------+-------++-------
Melee: Dagger            |     5 |    33 ||    38
       Short sword       |    64 |    43 ||   107
       Bite              |     6 |    10 ||    16
 Cast: Infusion          |       |     1 ||     1
  Use: Potion            |     1 |     1 ||     2
 Stab: Sleeping          |     2 |     2 ||     4
  Eat: Chunk             |       |     3 ||     3
Armor: Leather armour    |    27 |    27 ||    54
Dodge: Dodged            |    67 |    77 ||   144

Table legend:
 A = Non-vault XP
 B = Vault XP
 C = Vault XP percentage of total XP
 D = Non-vault monster count
 E = Vault monster count
 F = Vault count percentage of total count
                 A         B        C        D         E       F
            +---------+---------+-------+---------+---------+-------
      Total |     230 |       0 |   0.0 |      54 |       0 |   0.0
            +---------+---------+-------+---------+---------+-------
        D:1 |      38 |       0 |   0.0 |      19 |       0 |   0.0
        D:2 |     109 |       0 |   0.0 |      23 |       0 |   0.0
        D:3 |      83 |       0 |   0.0 |      12 |       0 |   0.0
            +---------+---------+-------+---------+---------+-------
